 Dungeon Crawl Stone Soup version 0.27-a0-660-g90476cec82 (webtiles) character file.

Game seed: 3415951228267644623

34462 snetch the Protected (level 13, -4/178 HPs)
             Began as a Minotaur Berserker on Mar 16, 2021.
             Was an Elder of Trog.
             Slain by a vault guard
             ... wielding a +0 broad axe
              (17 damage)
             ... on level 14 of the Dungeon.
             The game lasted 00:47:41 (18962 turns).

snetch the Protected (Minotaur Berserker)          Turns: 18962, Time: 00:47:41

Health: -4/178     AC: 19    Str: 26    XL:     13   Next: 42%
Magic:  0/12       EV: 11    Int:  4    God:    Trog [****..]
Gold:   405        SH:  0    Dex: 11    Spells: 12/12 levels left

rFire    . . .     SeeInvis +   a - +4 morningstar
rCold    . . .     Faith    .   (no shield)
rNeg     . . .     Spirit   +   s - +2 chain mail {Will+}
rPois    .         Reflect  .   W - +2 hat
rElec    .         Harm     .   H - +0 cloak
rCorr    .         Rampage  .   (no gloves)
Will     +....                  o - +0 pair of boots
Stlth    ..........             k - amulet of guardian spirit
HPRegen  0.39/turn              Q - ring of see invisible
MPRegen  0.13/turn              A - +4 ring of slaying

@: berserking, very quick
A: horns 2, retaliatory headbutt
a: Renounce Religion, Berserk, Trog's Hand, Brothers in Arms


You were on level 14 of the Dungeon.
You worshipped Trog.
Trog was greatly pleased with you.
You visited 2 branches of the dungeon, and saw 15 of its levels.

You collected 836 gold pieces.
You spent 431 gold pieces at shops.

Inventory:

Hand Weapons
 a - a +4 morningstar (weapon)
 b - a +1 antimagic broad axe
 c - a +2 antimagic demon trident
Missiles
 r - 6 curare-tipped darts
 v - 8 javelins
 V - 15 poisoned darts (quivered)
Armour
 f - +0 fire dragon scales
 h - the +4 scale mail "Tosoheim" {rC+}
   (You found it on level 10 of the Dungeon)

   It protects you from cold.
 o - a +0 pair of boots (worn)
 s - a +2 chain mail of willpower (worn)
 u - the +1 scale mail "Bacuzxit" {rPois Str+8 Stlth-}
   (You found it on level 10 of the Dungeon)

   It affects your strength (+8).
   It protects you from poison.
   It makes you less stealthy.
 H - a +0 cloak (worn)
 W - a +2 hat (worn)
Jewellery
 i - a ring of fire
 k - an amulet of guardian spirit (around neck)
 p - an amulet of reflection
 A - a +4 ring of slaying (left hand)
 G - a ring of positive energy
 Q - a ring of see invisible (right hand)
Wands
 d - a wand of iceblast (7)
 B - a wand of random effects (29)
 C - a wand of polymorph (13)
 D - a wand of flame (26)
 K - a wand of acid (3)
 T - a wand of paralysis (22)
Scrolls
 e - a scroll of torment
 g - 3 scrolls of blinking {unknown}
 j - 7 scrolls of enchant armour {unknown}
 l - 3 scrolls of enchant weapon {unknown}
 x - 7 scrolls of teleportation {unknown}
 y - 2 scrolls of summoning {unknown}
 F - 2 scrolls of amnesia {unknown}
 M - 4 scrolls of fear {unknown}
 N - a scroll of fog
 O - a scroll of immolation
 R - a scroll of holy word
 Y - 4 scrolls of magic mapping {unknown}
Potions
 m - 2 potions of flight
 n - 4 potions of attraction {unknown}
 q - 2 potions of lignification
 t - 2 potions of might {unknown}
 w - 7 potions of heal wounds
 z - a potion of resistance
 E - 2 potions of invisibility {unknown}
 I - 2 potions of mutation
 J - 2 potions of brilliance {unknown}
 L - 7 potions of curing
 P - a potion of cancellation
 U - 2 potions of haste
 Z - a potion of ambrosia {unknown}


   Skills:
 + Level 12.4 Fighting
 + Level 12.4(15.2) Axes
 + Level 11.4(13.6) Maces & Flails
 + Level 10.4(12.8) Polearms
 + Level 2.7 Throwing
 + Level 12.9 Armour
 + Level 6.3 Dodging
 + Level 3.0 Stealth


You had 12 spell levels left.
You didn't know any spells.
Your spell library contained the following spells:

 Spells                   Type           Power      Damage    Failure   Level
 Animate Skeleton         Necr           0%         N/A       93%         1
 Apportation              Tloc           0%         N/A       93%         1
 Freeze                   Ice            0%         1d3       93%         1
 Magic Dart               Conj           0%         1d3       93%         1
 Pain                     Necr           0%         1d4       93%         1
 Sandblast                Erth           0%         2d4       93%         1
 Shock                    Conj/Air       0%         1d3       93%         1
 Summon Small Mammal      Summ           0%         N/A       93%         1
 Call Imp                 Summ           0%         N/A       98%         2
 Ensorcelled Hibernation  Hex/Ice        0%         N/A       98%         2
 Passwall                 Tmut/Erth      0%         N/A       98%         2
 Searing Ray              Conj           0%         3d3       98%         2
 Swiftness                Air            0%         N/A       98%         2
 Call Canine Familiar     Summ           0%         N/A       100%        3
 Dazzling Flash           Conj/Hex       0%         N/A       100%        3
 Frozen Ramparts          Ice            0%         1d2       100%        3
 Lesser Beckoning         Tloc           0%         N/A       100%        3
 Ozocubu's Armour         Ice            0%         N/A       100%        3
 Static Discharge         Conj/Air       0%         N/A       100%        3
 Stone Arrow              Conj/Erth      0%         3d7       100%        3
 Summon Guardian Golem    Hex/Summ       0%         N/A       100%        3
 Tukima's Dance           Hex            0%         N/A       100%        3
 Vampiric Draining        Necr           0%         2d6       100%        3
 Airstrike                Air            0%         N/A       100%        4
 Animate Armour           Summ/Erth      0%         N/A       100%        4
 Animate Dead             Necr           0%         N/A       100%        4
 Fulminant Prism          Conj/Hex       0%         3d6       100%        4
 Hailstorm                Conj/Ice       0%         3d3       100%        4
 Iskenderun's Mystic Bla  Conj/Tloc      0%         2d3       100%        4
 Petrify                  Tmut/Erth      0%         N/A       100%        4
 Summon Ice Beast         Ice/Summ       0%         N/A       100%        4
 Summon Lightning Spire   Summ/Air       0%         N/A       100%        4
 Agony                    Necr           0%         N/A       100%        5
 Alistair's Intoxication  Tmut/Pois      0%         N/A       100%        5
 Borgnjor's Vile Clutch   Necr/Erth      0%         N/A       100%        5
 Lee's Rapid Deconstruct  Erth           0%         3d5*      100%        5
 Lightning Bolt           Conj/Air       0%         1d11      100%        5
 Silence                  Hex/Air        0%         N/A       100%        5
 Invisibility             Hex            0%         N/A       100%        6
 Shadow Creatures         Summ           N/A        N/A       100%        6


Dungeon Overview and Level Annotations

Branches:
Dungeon (14/15)            Temple (1/1) D:6            Lair (0/6) D:10
    Orc (0/2) D:10         Vaults (0/5) D:14

Altars:
Ashenzari
Cheibriados
Dithmenos
Elyvilon
Fedhas
Gozag
Hepliaklqana
Kikubaaqudgha
Makhleb
Nemelex Xobeh
Okawaru
Qazlal
Ru
Sif Muna
Trog
Uskayaw
Vehumet
Wu Jian
Xom
Yredelemnul
Zin
The Shining One

Shops:
D:11 *   D:12 !   D:14 !

Annotations:
D:5 angel behind stone, hatch behind water


Innate Abilities, Weirdness & Mutations

You have a pair of horns on your head.
You reflexively headbutt those who attack you in melee.


Message History

The vault guard hits you with a +0 vampiric battleaxe!
* * * LOW HITPOINT WARNING * * *
The vault guard draws strength from your wounds!
The vault guard hits you with a +0 broad axe.
* * * LOW HITPOINT WARNING * * *
A red film seems to cover your vision as you go berserk!
You feel yourself moving faster!
You feel mighty!
The vault guard hits you with a +0 vampiric battleaxe.
* * * LOW HITPOINT WARNING * * *
The vault guard draws strength from your wounds!
The vault guard hits you with a +0 broad axe.
* * * LOW HITPOINT WARNING * * *
You impale the vault guard!! Your headbutt misses the vault guard.
The vault guard is heavily wounded.
You barely miss the vault guard.
The vault guard is heavily wounded.
The vault guard hits you with a +0 vampiric battleaxe!
* * * LOW HITPOINT WARNING * * *
The vault guard draws strength from your wounds!
The vault guard hits you with a +0 broad axe.
* * * LOW HITPOINT WARNING * * *
You bludgeon the vault guard!!
The vault guard is severely wounded.
The vault guard hits you but does no damage.
Unknown command.
You bludgeon the vault guard!!
You kill the vault guard!
Trog accepts your kill.
The vault guard hits you with a +0 broad axe!
* * * LOW HITPOINT WARNING * * *
Unknown command.
Things that are here:
a +0 vampiric battleaxe; a +0 plate armour; a human corpse The vault guard blocks your attack.
You headbutt the vault guard.
The vault guard is lightly wounded.
You are too berserk!
The vault guard blocks your attack.
The vault guard is lightly wounded.
The vault guard hits you with a +0 broad axe!
You die...

#. ## pp # p. .#
.# # ##.#######
#.#####≈........#
#..@ppYp........#
#######p........#
#.........#
#.........###
#...........#
#...........#
#..<....(...#
#############


You could see 4 vault guards and a sky beast.

Vanquished Creatures
  Frances (D:13)
  Kirke (D:14)
  A hydra (D:12)
  3 vault guards (D:14)
  A boulder beetle (D:13)
  2 centaur warriors
  3 two-headed ogres
  4 skeletal warriors (D:13)
  2 unseen horrors
  Pikel (D:6)
  8 ugly things
  6 slime creatures (D:12)
  A manticore (D:12)
  An oklob plant (D:10)
  A cyclops (D:13)
  Maurice (D:10)
  2 centaur zombies (D:14)
  A black mamba (shapeshifter) (D:13)
  Psyche (D:10)
  3 meliai (D:14)
  4 trolls
  2 polar bears (D:10)
  A meliai zombie (D:12)
  A centaur simulacrum (D:14)
  8 redbacks (D:12)
  A wraith (D:13)
  10 yaks
  3 hogs (D:14)
  3 vampire mosquitoes (D:13)
  A basilisk (D:12)
  Menkaure (D:5)
  Duvessa (D:5)
  3 ice beasts
  A hornet zombie (D:12)
  7 orc warriors
  3 sky beasts (D:7)
  6 ogres
  A necrophage (D:11)
  3 centaurs
  A lemure (D:6)
  5 phantoms
  A kobold brigand (D:14)
  12 bullfrogs
  Blork the orc (D:5)
  Dowan (D:5)
  5 scorpions
  A wyvern skeleton (D:12)
  12 killer bees
  3 wights (D:12)
  5 howler monkeys
  A bullfrog zombie (D:9)
  A bullfrog skeleton (D:10)
  5 hounds
  8 jellies
  8 orc priests
  8 iguanas
  2 centaur skeletons
  11 orc wizards
  20 worker ants
  A killer bee zombie (D:6)
  2 hound zombies
  Robin (D:3)
  12 adders
  A shadow imp (D:5)
  A white imp (D:9)
  An adder zombie (D:7)
  An adder skeleton (D:4)
  6 worms
  A dart slug (D:4)
  10 leopard geckos
  30 orcs
  5 giant cockroaches
  14 goblins
  25 hobgoblins
  11 jackals
  12 kobolds
  2 quokkas (D:3)
  A ball python (D:1)
  5 bats
  7 frilled lizards
  A leopard gecko skeleton (D:7)
  A quokka skeleton (D:6)
  8 rats
374 creatures vanquished.

Vanquished Creatures (collateral kills)
  A skeletal warrior (D:13)
  An ugly thing (D:14)
  A vampire (D:14)
3 creatures vanquished.

Grand Total: 377 creatures vanquished

Notes
Turn   | Place    | Note
-------+----------+-------------------------------------------
     0 | D:1      | snetch the Minotaur Berserker began the quest for the Orb.
     0 | D:1      | Reached XP level 1. HP: 19/19 MP: 0/0
   218 | D:1      | Reached XP level 2. HP: 23/27 MP: 1/1
  1027 | D:2      | Reached XP level 3. HP: 32/33 MP: 2/2
  1049 | D:2      | Reached ** piety under Trog
  1643 | D:3      | Reached XP level 4. HP: 35/41 MP: 3/3
  1700 | D:3      | Reached skill level 5 in Axes
  2046 | D:2      | Reached skill level 1 in Stealth
  2785 | D:3      | Reached XP level 5. HP: 47/47 MP: 4/4
  2824 | D:3      | Reached *** piety under Trog
  2887 | D:3      | Noticed Robin
  2896 | D:3      | Killed Robin
  3211 | D:5      | Entered Level 5 of the Dungeon
  3212 | D:5      | Noticed an angel
  3731 | D:5      | You fall into a shaft and drop 3 floors!
  3741 | D:8      | Reached XP level 6. HP: 51/55 MP: 2/5
  3783 | D:7      | Noticed a sky beast
  3789 | D:7      | Reached skill level 5 in Fighting
  3794 | D:7      | Killed a sky beast
  3794 | D:7      | Reached **** piety under Trog
  3795 | D:7      | Reached XP level 7. HP: 39/61 MP: 2/6
  3982 | D:10     | Entered Level 10 of the Dungeon
  4015 | D:7      | Reached skill level 5 in Armour
  4304 | D:6      | Found a sacrificial altar of Ru.
  4396 | D:6      | Noticed Pikel
  4406 | D:6      | Reached XP level 8. HP: 70/70 MP: 4/7
  4414 | D:6      | Killed Pikel
  4764 | D:5      | Found a glowing silver altar of Zin.
  4765 | D:5      | Noticed Menkaure
  4766 | D:5      | Killed Menkaure
  4768 | D:5      | Found a shimmering altar of Xom.
  4993 | D:5      | Noticed Blork the orc
  5004 | D:5      | Killed Blork the orc
  5554 | D:5      | Reached skill level 10 in Axes
  5554 | D:5      | Reached XP level 9. HP: 76/79 MP: 8/8
  5998 | D:5      | Noticed Dowan
  5999 | D:5      | Noticed Duvessa
  6063 | D:5      | Killed Duvessa
  6065 | D:5      | Killed Dowan
  6245 | D:5      | Found a shimmering blue altar of Sif Muna.
  6315 | D:6      | Found a staircase to the Ecumenical Temple.
  6335 | Temple   | Entered the Ecumenical Temple
  7392 | D:6      | Found a shimmering altar of Xom.
  7835 | D:7      | Reached skill level 1 in Polearms
  7936 | D:7      | Found a burning altar of Makhleb.
  8796 | D:8      | Reached ***** piety under Trog
  8846 | D:8      | Found a hide-covered altar of Uskayaw.
  8846 | D:8      | Found a snail-covered altar of Cheibriados.
  8850 | D:8      | Found a blossoming altar of Fedhas.
  8850 | D:8      | Found a bloodstained altar of Trog.
  8881 | D:8      | Noticed a two-headed ogre
  8891 | D:8      | Killed a two-headed ogre
  8892 | D:8      | Reached XP level 10. HP: 49/88 MP: 4/9
  9662 | D:9      | Found a basalt altar of Yredelemnul.
  9662 | D:9      | Found a white marble altar of Elyvilon.
  9662 | D:9      | Found a radiant altar of Vehumet.
 10026 | D:9      | Reached skill level 5 in Dodging
 10204 | D:10     | Reached skill level 1 in Throwing
 10572 | D:10     | Noticed an oklob plant
 10576 | D:10     | Found a staircase to the Lair.
 10585 | D:10     | Killed an oklob plant
 10586 | D:10     | Reached skill level 1 in Maces & Flails
 10586 | D:10     | Reached skill level 10 in Armour
 11189 | D:10     | Received a gift from Trog
 11334 | D:10     | Found a bloodstained altar of Trog.
 11451 | D:10     | Noticed Psyche
 11451 | D:10     | Noticed Maurice
 11463 | D:10     | Paralysed by Psyche for 2 turns
 11466 | D:10     | Killed Psyche
 11471 | D:10     | Killed Maurice
 11485 | D:10     | Identified the +4 scale mail "Tosoheim" {rC+}
 11553 | D:11     | Noticed a brown ugly thing
 11559 | D:11     | Reached skill level 5 in Maces & Flails
 11562 | D:11     | Killed a brown ugly thing
 12070 | D:10     | Found a staircase to the Orcish Mines.
 12243 | D:10     | Identified the +1 scale mail "Bacuzxit" {rPois Str+8
                  | Stlth-}
 12249 | D:11     | Noticed a red ugly thing
 12259 | D:11     | Killed a red ugly thing
 12260 | D:11     | Reached XP level 11. HP: 63/97 MP: 3/10
 12900 | D:11     | Noticed an unseen horror
 12905 | D:11     | Killed an unseen horror
 13380 | D:11     | You fall into a shaft and drop 3 floors!
 13380 | D:14     | Found a hide-covered altar of Uskayaw.
 13404 | D:14     | Noticed a two-headed ogre
 13413 | D:14     | Killed a two-headed ogre
 13438 | D:14     | Found an opulent altar of Gozag.
 14025 | D:12     | Reached skill level 10 in Fighting
 14490 | D:11     | Found Noitysm's General Store.
 14663 | D:12     | Noticed an unseen horror
 14671 | D:12     | Killed an unseen horror
 14739 | D:12     | Reached skill level 10 in Maces & Flails
 14982 | D:12     | Noticed a five-headed hydra
 14989 | D:12     | Killed a five-headed hydra
 15130 | D:12     | Noticed a brown ugly thing
 15137 | D:12     | Killed a brown ugly thing
 15165 | D:12     | Reached XP level 12. HP: 102/107 MP: 11/11
 15513 | D:12     | Found Xommogem's Distillery.
 15527 | D:12     | Bought a potion of curing for 42 gold pieces
 15527 | D:12     | Bought a potion of resistance for 140 gold pieces
 15527 | D:12     | Bought a potion of haste for 140 gold pieces
 15527 | D:12     | Bought a potion of degeneration for 14 gold pieces
 15551 | D:12     | Received a gift from Trog
 16113 | D:12     | Noticed a centaur warrior
 16130 | D:12     | Killed a centaur warrior
 16810 | D:13     | Noticed a centaur warrior
 16830 | D:13     | Killed a centaur warrior
 16953 | D:13     | Reached skill level 5 in Polearms
 17453 | D:13     | Noticed a two-headed ogre
 17455 | D:13     | Noticed Frances
 17458 | D:13     | Killed a two-headed ogre
 17471 | D:13     | Killed Frances
 17743 | D:13     | Noticed a boulder beetle
 17751 | D:13     | Killed a boulder beetle
 17752 | D:13     | Reached XP level 13. HP: 94/117 MP: 4/12
 18359 | D:14     | Noticed Kirke
 18371 | D:14     | Noticed a sphinx
 18381 | D:14     | Killed Kirke
 18493 | D:14     | Reached skill level 10 in Polearms
 18803 | D:14     | Found Geuf's Distillery.
 18853 | D:14     | Bought a potion of heal wounds for 95 gold pieces
 18928 | D:14     | Found a gate to the Vaults.
 18962 | D:14     | Slain by a vault guard

Illustrated notes

Levels and vault maps discovered:
D:1:      co_arrival_square_in_a_square_in_a_square, layout_basic
D:2:      layout_loops_corners
D:3:      layout_basic, uniq_robin
D:4:      layout_basic
D:5:      minmay_skewed_foursquare, layout_basic,
          grunt_temple_overflow_order_and_chaos_1, led_sif_book,
          uniq_blork_the_orc, uniq_duvessa, uniq_menkaure
D:6:      layout_basic, lemuel_round_altar, temple_statues,
          minmay_misc_feat_enclosed, grunt_ministairs_13,
          chequers_serial_rivers_small_b, dk_xom_monty_hall, uniq_pikel
D:7:      layout_cave_pools, basic_altar
D:8:      layout_basic, grunt_temple_overflow_open, minivault_27
D:9:      layout_gridville, gammafunk_temple_overflow_claw, grunt_ministairs_11,
          minivault_24, minivault_16
D:10:     layout_layer_cave, dpeg_oklobed_lair, david_orc_3,
          trog_ov_bears_minmay, uniq_psyche, uniq_maurice
D:11:     layout_rooms, serial_shops, shop
D:12:     layout_long_grid, serial_shops, shop_fountains,
          chequers_serial_rivers_large_b, drop_trap
D:13:     layout_irregular_city, uniq_frances
D:14:     layout_small_grid, erik_vaults_2, nicolae_uskayaw_dance_hall,
          serial_shops, nicolae_shop_statue_plus, nicolae_sextant,
          grunt_gozag_breadcrumbs, uniq_kirke
Temple:   minmay_temple_bridge_abc

Skill      XL: |  1  2  3  4  5  6  7  8  9 10 11 12 13 |
---------------+----------------------------------------+-----
Axes           | 4 5 6 8 10 11 12 | 12.4
Fighting       | 4 5 7 8 9 10 11 12 | 12.4
Dodging        | 3 4 5 6 |  6.3
Stealth        | 1 2 3 |  3.0
Armour         | 3 4 5 7 9 10 11 12 | 12.9
Polearms       | 1 8 10 | 10.4
Throwing       | 1 2 |  2.7
Maces & Flails | 6 10 11 | 11.4

Action                   |  1- 3 |  4- 6 |  7- 9 | 10-12 | 13-15 || total
-------------------------+-------+-------+-------+-------+-------++-------
Melee: Hand axe          |    91 |   116 |   258 |   116 |       ||   581
       Headbutt          |    12 |    18 |    48 |   124 |    32 ||   234
       Trident           |       |       |    27 |       |       ||    27
       Unarmed           |       |       |     3 |       |       ||     3
       Morningstar       |       |       |       |   287 |    20 ||   307
       Demon trident     |       |       |       |   122 |    99 ||   221
Throw: Dart              |       |       |       |    31 |       ||    31
       Stone             |       |       |       |     7 |       ||     7
Invok: Berserk           |       |     2 |     4 |    10 |     3 ||    19
       Trog's Hand       |       |       |     2 |     7 |     3 ||    12
       Brothers in Arms  |       |       |       |     1 |     2 ||     3
  Use: Scroll            |       |       |       |    12 |       ||    12
 Stab: Sleeping          |     1 |       |       |       |       ||     1
Armor: Animal skin       |    20 |     3 |       |       |       ||    23
       Chain mail        |       |    33 |   137 |   335 |    30 ||   535
Dodge: Dodged            |    61 |    65 |   105 |   293 |    46 ||   570

Table legend: (Time is in decaauts)
 A = Elapsed time spent in this place.
 B = Non-inter-level travel time spent in this place.
 C = Inter-level travel time spent in this place.
 D = Time resting spent in this place.
 E = Time spent auto-exploring this place.
 F = Levels seen in this place.
 G = Mean time per level.
                   A        B        C        D        E       F      G
               +--------+--------+--------+--------+--------+-----+--------+
         Total |  19030 |  18220 |    810 |   1066 |  13245 |  15 | 1268.7 |
       Dungeon |  18885 |  18083 |    802 |   1066 |  13158 |  14 | 1348.9 |
        Temple |    145 |    137 |      8 |      0 |     87 |   1 |  145.0 |
               +--------+--------+--------+--------+--------+-----+--------+

Top non-repeatable levels by time:
    D:10: 2611 daAuts
    D:12: 2232 daAuts
    D:13: 1744 daAuts
     D:8: 1524 daAuts
     D:2: 1521 daAuts
     D:5: 1279 daAuts
     D:6: 1224 daAuts
    D:14: 1138 daAuts
     D:3: 1054 daAuts
     D:9: 1030 daAuts
     D:1: 999 daAuts
     D:7: 927 daAuts
    D:11: 813 daAuts
     D:4: 782 daAuts
  Temple: 145 daAuts
